 Dungeon Crawl Stone Soup version 0.31-a0-7-g51783674b7 (webtiles) character file.

Game seed: 15144197997502859373

77 Dittersdorf the Covered (level 4, 0/29 HPs)
             Began as a Gargoyle Fighter on May 5, 2023.
             Slain by Robin
             ... wielding a +0 spear
              (1 damage)
             ... on level 2 of the Dungeon.
             The game lasted 00:01:09 (1235 turns).

Dittersdorf the Covered (Gargoyle Fighter)          Turns: 1235, Time: 00:01:10

Health: 0/29       AC: 11    Str: 21    XL:     4   Next: 34%
Magic:  4/4        EV:  9    Int:  9    God:
Gold:   55         SH:  4    Dex:  9    Spells: 3/3 levels left

rFire   . . .        i - +0 morningstar (venom)
rCold   . . .        c - +0 buckler
rNeg    + . .        b - +0 scale mail
rPois   ∞            (no helmet)
rElec   +            (no cloak)
rCorr   .            (no gloves)
SInv    .            g - +0 pair of boots
Will    .....        (no amulet) Stlth
                     (no ring)
HPRegen 0.24/turn    (no ring)
MPRegen 0.09/turn

%: no passive effects
@: no status effects
A: sickness immunity, AC +3, negative energy resistance 1, electricity
resistance, torment resistance 1, petrification resistance
a: no special abilities


You were on level 2 of the Dungeon.
You visited 1 branch of the dungeon, and saw 2 of its levels.

You collected 55 gold pieces.

Inventory:

Hand Weapons
 i - a +0 morningstar of venom (weapon)
Armour
 b - a +0 scale mail (worn)
 c - a +0 buckler (worn)
 g - a +0 pair of boots (worn)
Scrolls
 e - a scroll of magic mapping {unknown}
 f - a scroll of identify {unknown}
Potions
 d - a potion of might
 h - a potion of attraction {unknown}


   Skills:
 + Level 3.9 Fighting
 + Level 2.8 Maces & Flails
 + Level 4.0 Armour
 + Level 3.9 Shields


You had 3 spell levels left.
You didn't know any spells.
Your spell library contained the following spells:

 Spells                   Type           Power      Damage    Failure   Level
 Apportation              Tloc           0%         N/A       78%         1
 Necrotise                Necr           0%         1d4       78%         1
 Summon Small Mammal      Summ           0%         N/A       78%         1
 Petrify                  Tmut/Erth      0%         N/A       100%        4
 Irradiate                Conj/Tmut      0%         3d11      100%        5
 Sublimation of Blood     Necr           Unusable   N/A       N/A         2

Dungeon Overview and Level Annotations

Branches:
Dungeon (2/15)

Altars:

Shops:
D:1 !

Annotations:
D:2 Robin


Innate Abilities, Weirdness & Mutations

You are immune to sickness and miasma.
Your stone body is resilient. (AC +3)
You are immune to poison.
You resist negative energy. (rN+)
You are resistant to electric shocks. (rElec)
You are resistant to unholy torment.
You are immune to petrification.


Message History

The goblin hits you with a +0 club.
You closely miss the goblin. The goblin completely misses you.
The goblin barely misses you. You block the goblin's attack. x2
You barely miss the goblin. The goblin closely misses you.
The goblin hits you with a +0 dagger.
You puncture the goblin!
You kill the goblin!
The goblin barely misses you.
You miss the goblin. The goblin hits you with a +0 club.
Robin says, "Feeling lonely?"
The goblin hits you but does no damage. The goblin barely misses you. x2
You puncture the goblin!
You kill the goblin!
The goblin hits you but does no damage. The goblin attacks as you move away!
The goblin completely misses you.
Things that are here:
a +0 club; a goblin corpse You hit the goblin.
You kill the goblin!
Your Armour skill increases to level 4!
You barely miss the hobgoblin. You block the hobgoblin's attack.
Robin's bangles clink loudly.
You block Robin's attack. The hobgoblin hits you.
* * * LOW HITPOINT WARNING * * *
You closely miss the hobgoblin. Robin hits you but does no damage.
The hobgoblin barely misses you.
You closely miss the hobgoblin.
The hobgoblin no longer looks unusually strong.
Robin roars a battlecry!
The hobgoblin goes into a battle-frenzy!
You block the hobgoblin's attack.
You thump the hobgoblin!
You kill the hobgoblin!
Robin barely misses you. Robin hits you but does no damage.
Robin hits you with a +0 spear.
* * * LOW HITPOINT WARNING * * *
Items here: $ ( ))) ? †.
You barely miss Robin. Robin barely misses you.
You hit Robin but do no damage. Robin hits you with a +0 spear.
You die...

#... #.# #..# #.#
#..# #.#
..########.#
...........#
#.########.# #)#
#.####### #g#
#........ #@#
#.####### #)# #.#
#.# #.####### #.#
##........
#.#######.........
#.........########
###########


You could see Robin.

Vanquished Creatures
  An orc wizard (D:2)
  A dart slug (D:1)
  4 orcs (D:2)
  A ball python (D:2)
  2 bats (D:2)
  2 endoplasms
  10 goblins (D:2)
  7 hobgoblins
  7 jackals
  3 frilled lizards
  4 kobolds (D:2)
42 creatures vanquished.

Notes
Turn   | Place    | Note
-------+----------+-------------------------------------------
     0 | D:1      | Dittersdorf the Gargoyle Fighter began the quest for the
                  | Orb.
     0 | D:1      | Reached XP level 1. HP: 14/14 MP: 1/1
   112 | D:1      | Reached XP level 2. HP: 13/19 MP: 2/2
   503 | D:1      | Found Pulid's Distillery.
   868 | D:2      | Reached XP level 3. HP: 21/23 MP: 3/3
   963 | D:2      | Reached XP level 4. HP: 11/29 MP: 4/4
  1182 | D:2      | Noticed Robin
  1229 | D:2      | Reached skill level 4 in Armour
  1233 | D:2      | HP: 1/29 [Robin/+0 spear (5)]
  1235 | D:2      | Slain by Robin

Illustrated notes

Levels and vault maps discovered:
D:1:      minmay_arrival_split_and_join, layout_basic, serial_glass,
          glass_columns_a, glass_columns_b, glass_columns_b, glass_columns_b,
          glass_columns_b, glass_columns_a, serial_shops, shop
D:2:      layout_loops_ring, uniq_robin

Skill      XL: |  1  2  3  4 |
---------------+-------------+-----
Armour         | 4 |  4.0
Fighting       | |  3.9
Maces & Flails | |  2.8
Shields        | |  3.9

Action                     |  1- 3 |  4- 6 || total
---------------------------+-------+-------++-------
  Melee: Flail             |    95 |       ||    95
         Morningstar       |       |    61 ||    61
 Armour: Scale mail        |    59 |    45 ||   104
  Dodge: Dodged            |    50 |    47 ||    97
  Block: Buckler           |    19 |    30 ||    49

Table legend: (Time is in decaauts)
 A = Elapsed time spent in this place.
 B = Non-inter-level travel time spent in this place.
 C = Inter-level travel time spent in this place.
 D = Time resting spent in this place.
 E = Time spent auto-exploring this place.
 F = Levels seen in this place.
 G = Mean time per level.
                   A        B        C        D        E       F      G
               +--------+--------+--------+--------+--------+-----+--------+
         Total |   1288 |   1234 |     54 |     72 |    852 |   2 |  644.0 |
       Dungeon |   1288 |   1234 |     54 |     72 |    852 |   2 |  644.0 |
               +--------+--------+--------+--------+--------+-----+--------+

Top non-repeatable levels by time:
     D:1: 759 daAuts
     D:2: 529 daAuts
